AoeStats
← janis.17

Black Forest

510836294Analyzed
3v3 RM · 21h ago on Oct 2, 2026· 60m 39s· 6 players
Game mode
Random Map
Map size
Normal (6 player)
Population
200
Speed
Normal
Resources
Standard
Victory
Conquest
Starting age
Dark Age
Ending age
Imperial Age
RankedLock teamsTeams togetherTeam positionsShared explorationLock speedFull tech treeHidden civsTurbo modeCheats
Victory
Defeat
🇩🇪 Shu · Germany
1003
+16
🇨🇱 Celts · Chile
977
+17
🇩🇪 Saracens · Germany
946
+18
🇨🇭 Cumans · Switzerland
1000
-51
🇨🇭 Jurchens · Switzerland
1000
-51
🇨🇭 Vietnamese · Switzerland
1000
-51
KaneGB
0:38 Loom
11:53 Feudal Age
20:15 Castle Age
20:09 Double-Bit Axe
20:06 Horse Collar
20:19 Stone Mining
20:21 Gold Mining
28:10 Forging
28:49 Town Watch
31:42 Imperial Age
29:46 Fortified Wall
30:33 Town Patrol
31:29 Scale Mail Armor
32:13 Bow Saw
32:42 Wheelbarrow
33:41 Chain Mail Armor
33:58 Ballistics
35:51 Gold Shaft Mining
36:24 Onager
36:31 Light Cavalry
36:59 Pikeman
38:23 Heavy Scorpion
40:20 Iron Casting
40:16 Plate Mail Armor
40:05 Halberdier
43:21 Heavy Plow
43:31 Hussar
46:21 Blast Furnace
45:51 Plate Mail Armor
45:27 Scale Barding Armor
47:05 Furor Celtica
47:24 Husbandry
52:22 Guilds
52:50 Chain Barding Armor
52:17 Arson
52:19 Gambesons
53:39 Chemistry
52:29 Heated Shot
52:51 Masonry
54:33 Siege Onager
55:31 Caravan
56:01 Coinage
55:24 Guard Tower
55:46 Careening
56:45 Capped Ram
57:57 Fishing Lines
58:28 Medium Warships
57:38 Demolition Ship
58:29 Siege Engineers
58:20 Murder Holes
58:35 Clinker Construction
58:46 Dry Dock
58:12 Arrowslits
61:24 Hand Cart
61:47 Stone Shaft Mining
61:17 Padded Archer Armor
61:07 Fletching
AQAYZ
2:09 Loom
12:24 Feudal Age
16:43 Castle Age
15:26 Double-Bit Axe
19:53 Town Watch
20:31 Bow Saw
23:07 Horse Collar
24:42 Wheelbarrow
24:01 Fishing Lines
26:17 Town Patrol
32:31 Imperial Age
30:31 Gold Mining
30:44 Heavy Plow
30:47 Padded Archer Armor
30:38 Fletching
32:02 Gold Shaft Mining
31:49 Scale Barding Armor
32:20 Forging
33:06 Hand Cart
33:14 Chain Barding Armor
32:44 Onager
34:08 Caravan
34:47 Iron Casting
33:37 Light Cavalry
35:48 Plate Barding Armor
35:35 Conscription
35:30 Bloodlines
37:27 Blast Furnace
37:27 Elite Mameluke
38:28 Thumb Ring
40:00 Leather Archer Armor
39:36 Fletching
39:56 Siege Engineers
39:47 Murder Holes
40:13 Ballistics
40:19 Elite Skirmisher
43:21 Ring Archer Armor
44:54 Husbandry
49:27 Chemistry
48:24 Bodkin Arrow
58:24 Spies/Treason
treckerbecker
1:51 Loom
8:28 Loom
14:11 Feudal Age
14:40 Double-Bit Axe
19:36 Castle Age
19:50 Fishing Lines
20:36 Gold Mining
21:31 Bow Saw
22:39 Horse Collar
23:19 Gillnets
27:57 Imperial Age
27:20 Forging
27:10 Scale Mail Armor
28:12 Wheelbarrow
27:54 Heavy Plow
27:55 Stone Mining
30:19 Squires
29:41 Pikeman
31:13 Chain Mail Armor
32:19 Hand Cart
32:04 Town Watch
33:29 Ballistics
35:32 Chemistry
34:43 Treadmill Crane
34:46 Halberdier
37:07 Gambesons
37:08 Arson
37:50 Conscription
39:51 Plate Mail Armor
40:39 Caravan
40:50 Guilds
41:22 Siege Engineers
41:42 Elite White Feather Guard
44:14 Fletching
44:25 Padded Archer Armor
44:30 Bolt Magazine
44:31 Coiled Serpent Array
52:29 Capped Ram
55:57 Coinage
57:43 Hoardings
57:06 Bodkin Arrow
57:27 Leather Archer Armor
57:17 Scale Barding Armor
56:47 Siege Ram
56:48 Onager
57:44 Masonry
57:30 Murder Holes
57:46 Fortified Wall
57:27 Heated Shot
57:22 Arrowslits
57:28 Guard Tower
59:47 Husbandry
59:08 Heavy Hei Guang Cavalry
59:08 Light Cavalry
59:10 Crossbowman
59:56 Thumb Ring
59:11 Elite Skirmisher
59:12 Heavy Cavalry Archer
60:18 Bracer
60:49 Ring Archer Armor
60:40 Chain Barding Armor
59:57 Spies/Treason
janis.17
16:26 Feudal Age
16:54 Double-Bit Axe
22:06 Castle Age
22:28 Stone Mining
22:23 Horse Collar
24:04 Light Cavalry
27:37 Wheelbarrow
28:41 Bow Saw
29:41 Heavy Plow
30:11 Gold Mining
33:01 Ballistics
34:53 Murder Holes
36:22 Bloodlines
36:12 Husbandry
37:11 Fortified Bastions
41:54 Imperial Age
44:05 Elite Skirmisher
46:04 Imperial Skirmisher
47:15 Elite Steppe Lancer
Poggerz
1:57 Loom
13:50 Feudal Age
20:49 Double-Bit Axe
20:50 Horse Collar
22:54 Wheelbarrow
25:32 Castle Age
23:45 Fletching
24:01 Padded Archer Armor
25:11 Town Watch
27:04 Bow Saw
26:58 Heavy Plow
28:04 Thumb Ring
28:59 Bodkin Arrow
30:31 Gold Mining
32:22 Leather Archer Armor
32:07 Stone Mining
32:46 Hand Cart
33:49 Elite Skirmisher
35:06 Ballistics
34:57 Fortified Wall
34:43 Murder Holes
36:16 Stone Shaft Mining
41:31 Imperial Age
42:02 Scale Barding Armor
42:07 Forging
42:00 Pikeman
42:40 Squires
42:25 Arson
43:31 Bracer
43:33 Imperial Skirmisher
44:50 Husbandry
45:00 Bloodlines
45:58 Ring Archer Armor
48:14 Crop Rotation
Fou
11:05 Feudal Age
9:20 Loom
16:01 Castle Age
14:10 Horse Collar
17:05 Double-Bit Axe
21:11 Bow Saw
22:47 Heavy Plow
23:33 Gold Mining
27:29 Scale Barding Armor
28:15 Gold Shaft Mining
28:34 Town Watch
29:24 Wheelbarrow
28:44 Stone Mining
30:13 Chain Barding Armor
30:04 Forging
30:25 Bloodlines
33:42 Imperial Age
31:38 Ballistics
33:39 Hand Cart
33:25 Town Patrol
33:55 Elite Steppe Lancer
35:53 Cuman Mercenaries
36:02 Steppe Husbandry
36:23 Conscription
37:29 Two-Man Saw
37:07 Crop Rotation
38:35 Hoardings
37:31 Sappers
38:07 Squires
37:29 Pikeman
40:15 Chemistry
39:11 Murder Holes
39:59 Iron Casting
42:18 Elite Kipchak
43:57 Cavalier
46:01 Halberdier
46:27 Arson
46:56 Paladin
47:48 Elite Skirmisher
48:34 Thumb Ring
48:33 Padded Archer Armor
48:24 Fletching
49:35 Blast Furnace
48:36 Scale Mail Armor
49:11 Plate Barding Armor
48:28 Imperial Skirmisher
51:30 Bodkin Arrow
51:50 Leather Archer Armor
51:39 Bodkin Arrow
51:59 Leather Archer Armor
55:29 Ring Archer Armor
55:16 Chain Mail Armor
58:34 Light Cavalry
Connection lost

Rejoining the realm…

Still unreachable

The connection could not be restored.

Session expired

The server has moved on; the page needs a fresh start.